 Dungeon Crawl Stone Soup version 0.31-a0-204-g7da18cac08 (webtiles) character file.

Game seed: 12441949496549590894

33 Datul the Gusty (level 3, 0/26 HPs)
             Began as a Draconian Air Elementalist on June 27, 2023.
             Was an Initiate of Ashenzari.
             Succumbed to an adder's poison
             ... on level 2 of the Dungeon.
             The game lasted 00:03:58 (972 turns).

Datul the Gusty (Draconian Air Elementalist)         Turns: 972, Time: 00:03:59

Health: 0/26       AC:  5    Str: 10    XL:     3   Next: 12%
Magic:  1/6        EV: 12    Int: 17    God:    Ashenzari [......]
Gold:   93         SH:  0    Dex: 11    Spells: 3/6 levels left

rFire   . . .        f - +0 sling of the Mantic Stars {Alch, Cun} (curse)
rCold   . . .        (no shield)
rNeg    . . .        (body armour unavailable)
rPois   .            (helmet restricted)
rElec   .            (no cloak)
rCorr   .            (no gloves)
SInv    .            (no boots)
Will    .....        (no amulet)
Stlth   ++           (no ring)
HPRegen 0.24/turn    (no ring)
MPRegen 0.10/turn

%: no passive effects
@: lethally poisoned (0 -> -4), hasted, very quick
A: AC +5, unfitting armour, cold-blooded
a: Renounce Religion, Shatter the Chains


You were on level 2 of the Dungeon.
You worshipped Ashenzari.
Ashenzari was noncommittal.
You visited 1 branch of the dungeon, and saw 2 of its levels.

You collected 93 gold pieces.

Inventory:

Hand Weapons
 b - a +0 mace
 f - the cursed +0 sling of the Mantic Stars (weapon) {Alch, Cun}
   (You found it on level 1 of the Dungeon)

   It has a curse which improves the following skills: Alchemy: Poison Magic and
   Transmutations.
   Cunning:   Dodging and Stealth.
Missiles
 i - 3 poisoned darts
Scrolls
 c - a scroll of poison {unknown}
 d - a scroll of immolation {unknown}
 e - 2 scrolls of blinking {unknown}
 g - 2 scrolls of enchant armour
 h - a scroll of fear {unknown}
Potions
 a - a potion of magic


   Skills:
 - Level 1.7(2.1) Dodging
 - Level 1.7(2.1) Stealth
 - Level 2.0 Spellcasting
 - Level 1.0 Conjurations
 + Level 4.3 Air Magic


You had 3 spell levels left.
You knew the following spells:

 Your Spells              Type           Power      Damage    Failure   Level
a - Shock                 Conj/Air       40%        1d5       7%          1
b - Static Discharge      Conj/Air       20%        2-3/arc   10%         2

Your spell library contained the following spells:

 Spells                   Type           Power      Damage    Failure   Level
 Swiftness                Air            16%        N/A       10%         3
 Airstrike                Air            8%         2d(2-18)  32%         4


Dungeon Overview and Level Annotations

Branches:
Dungeon (2/15) Zot: 11011

Altars:
Ashenzari
Ru


Innate Abilities, Weirdness & Mutations

Your plain brown scales are hard. (AC +5)
You cannot fit into any form of body armour.
You are cold-blooded and may be slowed by cold attacks.


Message History

The adder barely misses you. The adder bites you.
* * * LOW HITPOINT WARNING * * *
You are poisoned.
The adder poisons you!
Unknown command.
You shoot a sling bullet.
The sling bullet closely misses the adder.
* * * LOW HITPOINT WARNING * * *
You feel sick. The adder bites you.
* * * LOW HITPOINT WARNING * * *
You are lethally poisoned!
The adder poisons you! The adder bites you but does no damage.
You take 3 damage, and have 5/20 hp.
Casting: Shock (safe; 8% risk of failure)
Confirm with . or Enter, or press ? or * to list all spells.
Aiming: Shock (safe; 8% risk of failure)
Press: ? - help, Shift-Dir - straight line, f/p - adder
Aim: an adder (almost dead, 48% to hit)
The zap hits the adder.
You kill the adder!
* * * LOW MAGIC WARNING * * *;
* * * LOW HITPOINT WARNING * * *
You feel very sick.
You have reached level 3!
Your experience leads to an increase in your attributes!
Increase (S)trength, (I)ntelligence, or (D)exterity?
You feel clever. x2; Your scales feel tougher.
You take 2 damage, and have 3/26 hp.
It was a potion of haste.
You feel yourself speed up.
* * * LOW HITPOINT WARNING * * *
You feel sick.
You take 1 damage, and have 2/26 hp.
* * * LOW HITPOINT WARNING * * *
You feel sick.
There is an open door here.
You see here an adder corpse.
You take 1 damage, and have 1/26 hp.
* * * LOW HITPOINT WARNING * * *
You feel sick.
Unknown command.
You die...

..#..♣P♣♣ ...#.##
..#P♣.♣♣ P.P..##
####.P♣♣♣♣♣♣♣♣PP..#
##..♣.♣.P.P....#
##............#
#.##.[.#.....#
#....#.#####†##
♣♣.♣♣#.##.....#
♣P.....##..@..#
#P.P♣P####..$...#
♣..♣♣ #........# ♣
P♣ #.....##.#
#.....# .+ ...####
# .... +....


There were no monsters in sight!

Vanquished Creatures
  An adder (D:2)
  2 endoplasms
  3 goblins (D:1)
  3 hobgoblins (D:1)
  5 kobolds
  7 ball pythons (D:1)
  3 bats
24 creatures vanquished.

Notes
Turn   | Place    | Note
-------+----------+-------------------------------------------
     0 | D:1      | Datul the Draconian Air Elementalist began the quest for
                  | the Orb.
     0 | D:1      | Reached XP level 1. HP: 14/14 MP: 3/3
   313 | D:1      | Reached XP level 2. HP: 20/20 MP: 3/5
   513 | D:1      | Learned a level 2 spell: Static Discharge
   542 | D:1      | Found a faded altar of an unknown god.
   560 | D:1      | Prayed at the altar of an unknown god.
   560 | D:1      | Became a worshipper of Ashenzari the Shackled
   788 | D:2      | Reached skill level 4 in Air Magic
   830 | D:2      | Found a sacrificial altar of Ru.
   969 | D:2      | Reached XP level 3. HP: 3/26 MP: 1/6
   970 | D:2      | HP: 1/26 [poisoned by an adder]
   972 | D:2      | Succumbed to an adder's poison

Illustrated notes

Levels and vault maps discovered:
D:1:      reono_arrival_forest_river, layout_rooms,
          dilly_ecumenical_altar_fadedgnrine, minmay_quantized
D:2:      layout_basic, serial_forest, infiniplex_forest_straight_3,
          infiniplex_forest_clump_long, infiniplex_forest_zigzag_1,
          infiniplex_forest_clump_medium, infiniplex_forest_fountain,
          infiniplex_forest_clump_tiny, infiniplex_forest_diagonal,
          infiniplex_forest_lined_4_way, infiniplex_forest_corner_1,
          basic_altar, minmay_randomly_rotated_circles, uniq_sigmund, uniq_robin

Skill      XL: |  1  2 |
---------------+-------+-----
Air Magic      | 4 |  4.3
Dodging        | |  1.7
Stealth        | |  1.7
Spellcasting   | |  2.0
Conjurations   | |  1.0

Action                     || total
---------------------------++-------
  Melee: Mace              ||     6
         Tailslap          ||     2
   Fire: Sling             ||    29
   Cast: Shock             ||    46
 Invoke: Curse Item        ||     1
    Use: Scroll            ||     1
         Potion            ||     1
 Armour: Skin              ||    18
  Dodge: Dodged            ||    40

Table legend: (Time is in decaauts)
 A = Elapsed time spent in this place.
 B = Non-inter-level travel time spent in this place.
 C = Inter-level travel time spent in this place.
 D = Time resting spent in this place.
 E = Time spent auto-exploring this place.
 F = Levels seen in this place.
 G = Mean time per level.
                   A        B        C        D        E       F      G
               +--------+--------+--------+--------+--------+-----+--------+
         Total |    988 |    948 |     40 |    278 |    426 |   2 |  494.0 |
       Dungeon |    988 |    948 |     40 |    278 |    426 |   2 |  494.0 |
               +--------+--------+--------+--------+--------+-----+--------+

Top non-repeatable levels by time:
     D:1: 788 daAuts
     D:2: 200 daAuts
